 Dungeon Crawl Stone Soup version 0.25.0-26-g0c896c7088 (webtiles) character file.

Game seed: 16850668548640571079

2739 Mryle the Geomancer (level 9, -2/48 HPs)
             Began as a Gargoyle Earth Elementalist on July 4, 2020.
             Slain by a yak (3 damage)
             ... on level 9 of the Dungeon.
             The game lasted 00:38:04 (11515 turns).

Mryle the Geomancer (Gargoyle Earth Elementalist)  Turns: 11515, Time: 00:38:05

Health: -2/48      AC: 11    Str: 11 (13) XL:     9   Next: 68%
Magic:  0/19       EV: 13    Int: 17 (18) God:
Gold:   267        SH:  0    Dex:  9 (10) Spells: 6/21 levels left

rFire    . . .     SeeInvis +   a - staff of earth
rCold    . . .     Gourm    .   (no shield)
rNeg     + . .     Faith    .   c - +0 robe
rPois    ∞         Spirit   .   l - +0 helmet
rElec    +         Reflect  .   (no cloak)
rCorr    .         Harm     .   e - +1 pair of gloves
MR       .....                  (no boots)
Stlth    +++.......             (no amulet)
HPRegen  0.16/turn              M - ring of see invisible
MPRegen  0.16/turn              u - ring of stealth

@: no status effects
A: negative energy resistance 1, electricity resistance, unbreathing,
petrification resistance, rot immunity, AC +6
a: no special abilities


You were on level 9 of the Dungeon.
You were hungry.

You visited 2 branches of the dungeon, and saw 9 of its levels.
You also visited: Ossuary.

You collected 429 gold pieces.
You spent 162 gold pieces at shops.

Inventory:

Hand Weapons
 b - a +1 lajatang
 z - a +0 dagger of venom
 A - a +0 hand crossbow
 P - a +4 dagger of chaos
Missiles
 g - 123 arrows
 t - 20 poisoned darts (quivered)
 C - 4 boomerangs
 D - a throwing net
 H - 495 stones
 I - 24 bolts
Armour
 c - a +0 robe (worn)
 e - a +1 pair of gloves (worn)
 l - a +0 helmet (worn)
 w - a +0 leather armour
 E - a +0 kite shield
Magical Staves
 a - an uncursed staff of earth (weapon)
Jewellery
 u - a ring of stealth (right hand)
 M - a ring of see invisible (left hand)
Wands
 h - a wand of acid (6)
Scrolls
 f - 5 scrolls of immolation
 o - 2 scrolls of teleportation
 q - 4 scrolls of enchant weapon
 r - a scroll of fog
 y - 6 scrolls of remove curse
 B - a scroll of amnesia
 J - 2 scrolls of enchant armour
 K - a scroll of blinking {unknown}
 L - a scroll of vulnerability {unknown}
 N - a scroll of magic mapping {unknown}
Potions
 i - 4 potions of brilliance {unknown}
 j - a potion of resistance {unknown}
 k - a potion of ambrosia {unknown}
 m - 3 potions of haste {unknown}
 n - 2 potions of invisibility {unknown}
 p - 3 potions of mutation
 s - 12 potions of degeneration
 v - 3 potions of flight {unknown}
 x - 4 potions of lignification {unknown}
 F - 2 potions of curing {unknown}
 G - a potion of stabbing {unknown}
Comestibles
 d - 16 rations
 O - 16 chunks of flesh


   Skills:
 - Level 2.0 Fighting
 - Level 4.0 Staves
 - Level 4.0 Dodging
 - Level 2.1 Stealth
 + Level 6.9 Spellcasting
 - Level 2.0 Conjurations
 - Level 2.0 Transmutations
 - Level 10.0 Earth Magic
 - Level 1.0 Evocations


You had 6 spell levels left.
You knew the following spells:

 Your Spells              Type           Power        Failure   Level  Hunger
a - Sandblast             Erth           ######       1%          1    None
b - Passwall              Tmut/Erth      #####...     1%          2    None
c - Stone Arrow           Conj/Erth      #####.       3%          3    ##.....
d - Lee's Rapid Deconstr  Erth           ######....   5%          5    #####..
e - Petrify               Tmut/Erth      #####...     10%         4    ####...

Your spell library contained the following spells:

 Spells                   Type           Power        Failure   Level  Hunger
 Confusing Touch          Hex            #.......     34%         3    ##.....
 Gell's Gravitas          Tloc           #.........   34%         3    ##.....
 Yara's Violent Unravell  Hex/Tmut       #.........   91%         5    #####..
 Metabolic Englaciation   Hex/Ice        #.........   97%         5    #####..


Dungeon Overview and Level Annotations

Branches:
Dungeon (7/15)             Temple (1/1) D:6             Orc (0/2) D:9
Ossuary (visited)

Altars:
Ashenzari
Dithmenos
Elyvilon
Fedhas
Hepliaklqana
Kikubaaqudgha
Makhleb
Nemelex Xobeh
Okawaru
Ru
Sif Muna
Trog
Uskayaw
Vehumet
Wu Jian
Xom
Zin
The Shining One

Shops:
D:4 ?

Annotations:
D:3 exclusions: door and 1 more exclusion


Innate Abilities, Weirdness & Mutations

You are resistant to torment.
Your stone body is resilient. (AC +6)
You are immune to poison.
You resist negative energy. (rN+)
You are resistant to electric shocks. (rElec)
You can survive without breathing.
You are immune to petrification.
You are immune to rotting.


Message History

H - 496 stones The yak gores you!
* * * LOW HITPOINT WARNING * * *
Casting: Sandblast (safe; 1% risk of failure)
Confirm with . or Enter, or press ? or * to list all spells.
Aiming: Sandblast (safe; 1% risk of failure)
Press: ? - help, Shift-Dir - straight line, f/p - yak
Aim: a yak (severely wounded)
You feel a surge of power!
The blast of sand hits the yak!
The yak is almost dead.
H - 495 stones The yak gores you.
* * * LOW HITPOINT WARNING * * *
Okay, then.
Okay, then.
It was a potion of degeneration.
There was something very wrong with that liquid.
You feel weakened.
You feel dopey.
You feel clumsy. The yak gores you.
You die...

#.># #..######..#
#..####[.........#
...†.............#
#................#
#..#####..####...#
#..# #..# #>..#
#..# #..# #...#
#..# #..# #...#
#..# #..# #.)@##
#.## ####
#####Y### #.#
.#.##Y#.# #.#
..#g#..# #..
....#)## #.#
#.#.#.# #o ..#
#.#.#)# #.
.....##.##..#
#).)..#.##


You could see 2 yaks.

Vanquished Creatures
  Psyche (D:9)
  2 ice beasts
  A sky beast (D:6)
  5 ogres
  An orc warrior (D:6)
  3 big kobolds (D:4)
  3 bullfrogs
  A scorpion (D:9)
  4 wights (D:7)
  A crimson imp (D:5)
  2 centaur zombies
  3 hounds
  A jelly (D:7)
  3 orc priests
  3 orc wizards
  3 bullfrog skeletons
  A centaur skeleton (D:6)
  Natasha (twice) (D:2)
  5 worker ants
  2 big kobold zombies (Ossuary)
  4 mummies (Ossuary)
  A howler monkey zombie (D:6)
  7 adders
  3 gnolls (D:4)
  An ooze (D:4)
  2 adder skeletons (D:6)
  A worm (D:3)
  2 dart slugs
  3 leopard geckos
  15 orcs
  3 ball pythons
  8 giant cockroaches
  7 goblins
  17 hobgoblins
  14 jackals
  4 quokkas
  6 bats
  3 frilled lizards
  A giant cockroach zombie (D:6)
  A gnoll zombie (Ossuary)
  A goblin zombie (Ossuary)
  2 hobgoblin zombies (Ossuary)
  A jackal zombie (D:7)
  39 kobolds
  An orc zombie (Ossuary)
  A quokka skeleton (D:4)
  5 rats
200 creatures vanquished.

Notes
Turn   | Place    | Note
-------+----------+-------------------------------------------
     0 | D:1      | Mryle the Gargoyle Earth Elementalist began the quest for
                  | the Orb.
     0 | D:1      | Reached XP level 1. HP: 10/10 MP: 3/3
   476 | D:1      | Reached skill level 4 in Earth Magic
   520 | D:1      | Reached XP level 2. HP: 12/15 MP: 0/5
   529 | D:1      | Learned a level 2 spell: Passwall
  1844 | D:2      | Reached XP level 3. HP: 11/20 MP: 6/6
  1985 | D:2      | Noticed Natasha
  1996 | D:2      | Killed Natasha
  1996 | D:2      | Reached skill level 1 in Fighting
  2158 | D:2      | Learned a level 3 spell: Stone Arrow
  2242 | D:2      | Noticed Natasha
  2278 | D:2      | Reached XP level 4. HP: 25/25 MP: 4/7
  2355 | D:2      | Reached skill level 5 in Earth Magic
  2888 | D:2      | Reached skill level 1 in Conjurations
  3399 | D:2      | Killed Natasha
  3399 | D:2      | Reached XP level 5. HP: 14/29 MP: 4/9
  4454 | D:3      | Found an ornate altar of the Wu Jian Council.
  4459 | D:3      | Found a shattered altar of Ashenzari.
  4556 | D:3      | Noticed an orc warrior
  4878 | D:4      | Found Zelicalu's Magic Scroll Shoppe.
  4888 | D:4      | Bought a scroll of amnesia for 45 gold pieces
  4888 | D:4      | Bought a scroll of identify for 26 gold pieces
  4888 | D:4      | Bought a scroll of noise for 13 gold pieces
  4888 | D:4      | Bought a scroll of remove curse for 39 gold pieces
  4888 | D:4      | Bought a scroll of teleportation for 39 gold pieces
  5224 | D:4      | Noticed an ogre
  5314 | D:4      | Reached skill level 6 in Earth Magic
  5569 | D:4      | Killed an ogre
  5569 | D:4      | Reached XP level 6. HP: 16/34 MP: 7/11
  5740 | D:4      | Reached skill level 7 in Earth Magic
  6274 | D:4      | Reached XP level 7. HP: 14/38 MP: 10/12
  6602 | D:4      | Reached skill level 8 in Earth Magic
  6776 | D:4      | Learned a level 5 spell: Lee's Rapid Deconstruction
  7445 | D:5      | Entered Level 5 of the Dungeon
  7628 | D:5      | Reached skill level 1 in Transmutations
  7755 | D:5      | Reached skill level 1 in Evocations
  8270 | D:5      | Learned a level 4 spell: Petrify
  8449 | D:6      | Reached skill level 1 in Staves
  8449 | D:6      | Reached XP level 8. HP: 22/44 MP: 9/14
  8471 | D:6      | Found a sand-covered staircase.
  8559 | Ossuary  | Entered an ossuary
  9297 | D:6      | Found a staircase to the Ecumenical Temple.
  9306 | Temple   | Entered the Ecumenical Temple
  9738 | D:6      | Reached skill level 5 in Spellcasting
 10299 | D:7      | Reached skill level 9 in Earth Magic
 10415 | D:7      | Reached XP level 9. HP: 48/48 MP: 10/17
 11104 | D:7      | You fall into a shaft and drop 2 floors!
 11105 | D:9      | Noticed Psyche
 11106 | D:9      | Killed Psyche
 11117 | D:9      | Reached skill level 10 in Earth Magic
 11471 | D:9      | Found a staircase to the Orcish Mines.
 11514 | D:9      | HP: 1/48 [yak (5)]
 11515 | D:9      | Slain by a yak

Illustrated notes

Levels and vault maps discovered:
D:1:      wander_arrival_chamber, layout_loops_ring
D:2:      layout_loops_ring, uniq_natasha
D:3:      layout_basic, grunt_temple_overflow_open
D:4:      minmay_goblin_kobold_castle, layout_loops_ring, serial_shops,
          shop_scrolls, first_ration
D:5:      layout_loops_corners
D:6:      kennysheep_six_static_rooms, layout_rooms,
          minmay_temple_entry_junction_2, enter_ossuary_5
D:7:      layout_cave_pods, grunt_livestock
D:9:      layout_long_grid, chequers_temple_overflow_statue_of_worship,
          erik_orc_3, serial_shops, shop, shop, shop, nicolae_shop_behind_doors,
          uniq_psyche
Temple:   eino_temple_scatter_basement

Skill      XL: |  1  2  3  4  5  6  7  8  9 |
---------------+----------------------------+-----
Earth Magic    | 4 5 6 7 8 9 10 | 10.0
Fighting       | 1 2 |  2.0
Conjurations   | 1 2 |  2.0
Spellcasting   | 3 4 5 6 |  6.9
Dodging        | 2 3 4 |  4.0
Transmutations | 1 2 |  2.0
Evocations     | 1 |  1.0
Staves         | 1 3 4 |  4.0
Stealth        | |  2.1

Action                   |  1- 3 |  4- 6 |  7- 9 || total
-------------------------+-------+-------+-------++-------
Melee: Unarmed           |    20 |       |       ||    20
       Club              |    94 |   306 |       ||   400
       Dagger            |     1 |     8 |       ||     9
       Staff             |       |   108 |   301 ||   409
Throw: Dart              |       |     7 |     2 ||     9
 Cast: Sandblast         |    13 |    16 |    19 ||    48
       Stone Arrow       |       |     3 |    72 ||    75
       Lee's Rapid Decon |       |       |     1 ||     1
       Petrify           |       |       |     5 ||     5
  Use: Scroll            |       |     3 |     5 ||     8
       Potion            |       |       |     1 ||     1
 Stab: Sleeping          |     5 |    14 |     9 ||    28
       Distracted        |       |     1 |       ||     1
       Petrified         |       |       |    24 ||    24
  Eat: Chunk             |     5 |    12 |    16 ||    33
       Ration            |       |       |     2 ||     2
Armor: Robe              |    37 |   202 |   129 ||   368
Dodge: Dodged            |    96 |   378 |   157 ||   631
